 Dungeon Crawl Stone Soup version 0.20-a0-923-g548304e (webtiles) character file.

11268 Wendigo the Basher (level 11, -13/94 HPs)
             Began as a Grey Draconian Ice Elementalist on Mar 26, 2017.
             Was a Follower of Sif Muna.
             Shot with a stone by a minotaur (22 damage)
             ... in a labyrinth.
             The game lasted 00:42:55 (15233 turns).

Wendigo the Basher (DrIE)                          Turns: 15233, Time: 00:42:55

Health: -13/94     AC: 22    Str: 11    XL:     11   Next: 47%
Magic:  7/19       EV: 11    Int: 20    God:    Sif Muna [*.....]
Gold:   550        SH:  5    Dex: 12    Spells: 13/21 levels left

rFire    . . .     SeeInvis .   I - +2 demon whip (drain)
rCold    . . .     Gourm    .   y - +0 buckler
rNeg     . . .     Faith    .   (armour unavailable)
rPois    +         Spirit   .   (helmet restricted)
rElec    .         Reflect  +   j - +2 cloak
rCorr    .         Harm     .   z - +0 pair of gloves
MR       .....                  (no boots)
Stlth    ++........             D - +2 amulet of reflection
Regen    0.3/turn               w - ring of poison resistance
MPRegen  0.2/turn               c - +2 ring of intelligence

@: icy armour, slow
A: walk through water, unfitting armour, unbreathing, cold-blooded, AC +12
a: Divine Energy, Renounce Religion


You were in a labyrinth.
You worshipped Sif Muna.
Sif Muna was aware of your devotion.
You were not hungry.

You visited 3 branches of the dungeon, and saw 14 of its levels.
You also visited: Labyrinth.

You collected 574 gold pieces.
You spent 24 gold pieces at shops.

Inventory:

Hand Weapons
 I - a +2 demon whip of draining (weapon)
Missiles
 i - 291 stones
 k - 5 tomahawks (quivered)
Armour
 j - a +2 cloak (worn)
 y - a +0 buckler (worn)
 z - a +0 pair of gloves (worn)
Jewellery
 c - a +2 ring of intelligence (right hand)
 w - a ring of poison resistance (left hand)
 B - an uncursed amulet of the gourmand
 D - a +2 amulet of reflection (around neck)
Wands
 e - a wand of flame (18/48)
 N - a wand of iceblast (5/15)
Scrolls
 l - 4 scrolls of teleportation
 v - a scroll of immolation
 x - 4 scrolls of recharging
 C - 9 scrolls of remove curse
Potions
 f - 5 potions of curing
 h - a potion of agility
 p - 2 potions of cancellation
 q - 2 potions of mutation
 r - 3 potions of flight
 s - 2 potions of magic
 t - 4 potions of resistance
 u - a potion of berserk rage
 A - a potion of degeneration {unknown}
 E - 2 potions of brilliance
 G - 2 potions of might
Books
 a - a book of Frost

   Spells                             Type                      Level
   a - Freeze                         Ice                          1
   b - Throw Frost                    Conjuration/Ice              2
   c - Ozocubu's Armour               Charms/Ice                   3
   d - Throw Icicle                   Conjuration/Ice              4
   e - Summon Ice Beast               Ice/Summoning                4
 n - a book of Conjurations

   Spells                             Type                      Level
   a - Magic Dart                     Conjuration                  1
   b - Searing Ray                    Conjuration                  2
   c - Dazzling Spray                 Conjuration/Hexes            3
   d - Fulminant Prism                Conjuration/Hexes            4
   e - Force Lance                    Conjuration/Translocation    4
   f - Iskenderun's Mystic Blast      Conjuration                  4
 J - Sif Muna's Catalogue of Conjuration
   (You found it on level 9 of the Dungeon)

   Spells                             Type                      Level
   a - Sting                          Conjuration/Poison           1
 K - a book of Changes

   Spells                             Type                      Level
   a - Beastly Appendage              Transmutation                1
   b - Sticks to Snakes               Transmutation                2
   c - Spider Form                    Transmutation/Poison         3
   d - Ice Form                       Ice/Transmutation            4
   e - Blade Hands                    Transmutation                5
 M - a book of Misfortune

   Spells                             Type                      Level
   a - Confusing Touch                Hexes                        1
   b - Confuse                        Hexes                        3
   c - Gell's Gravitas                Translocation                3
   d - Petrify                        Transmutation/Earth          4
   e - Metabolic Englaciation         Hexes/Ice                    5
   f - Yara's Violent Unravelling     Hexes/Transmutation          5
Comestibles
 b - 7 bread rations
 g - 4 fruits
 m - 4 meat rations


   Skills:
 - Level 8.0 Fighting
 - Level 12.1 Maces & Flails
 - Level 1.7 Dodging
 - Level 1.7 Stealth
 + Level 1.2 Shields
 + Level 5.6 Spellcasting
   Level 1.0 Conjurations
 * Level 4.6 Summonings
 * Level 9.0 Ice Magic


You had 13 spell levels left.
You knew the following spells:

 Your Spells              Type           Power        Failure   Level  Hunger
a - Freeze                Ice            ####         1%          1    None
b - Ozocubu's Armour      Chrm/Ice       ###.....     10%         3    ##.....
c - Summon Ice Beast      Ice/Summ       ####....     12%         4    ####...


Dungeon Overview and Level Annotations

Branches:
Dungeon (11/15)            Temple (1/1) D:5            Lair (2/6) D:9
  Swamp: Lair:2-4    Shoals: Lair:2-4     Snake: Lair:2-4    Spider: Lair:2-4
    Orc: D:9-12

Altars:
Ashenzari
Cheibriados
Dithmenos
Elyvilon
Fedhas
Gozag
Hepliaklqana
Kikubaaqudgha
Makhleb
Nemelex Xobeh
Okawaru
Qazlal
Ru
Sif Muna
Trog
Uskayaw
Vehumet
Wu Jian
Xom
Yredelemnul
Zin
The Shining One

Shops:
D:5 (*


Innate Abilities, Weirdness & Mutations

You can walk through water.
Your dull iron-grey scales are very hard. (AC +12)
You cannot fit into any form of body armour.
You can survive without breathing.
You are cold-blooded and may be slowed by cold attacks.


Message History

You hit the minotaur but do no damage.
You tail-slap the minotaur, but do no damage.
Your ice beast hits the minotaur but does no damage.
You hit the minotaur but do no damage. You barely miss the minotaur.
The minotaur furiously retaliates!
The minotaur headbutts you, but does no damage.
The minotaur hits you with an uncursed hand axe of chopping!!!
* * * LOW HITPOINT WARNING * * *
x2 The minotaur hits your ice beast with an uncursed hand axe of chopping!!
Your ice beast dies!
The minotaur closely misses you.
Okay, then.
The minotaur unwields an uncursed hand axe of chopping.
The minotaur wields an uncursed fustibalus of flaming.
It bursts into flame!
The minotaur shoots a stone.
You reflect the stone off an invisible shield around you!
The stone hits the minotaur but does no damage.
There is an open door here.
The minotaur shoots a stone.
The stone hits you!!
You die...

## .. ###.##### #
#.. #...#
###.#.#.###...###
.......@(.......#
###..###'###..#.#
# #..(..#..# .#
###H###.## . .(.≈
.# #.. ≈<≈≈#. # #
## . ≈≈≈≈≈#. ..
... ..#######.#
.# #.# . .. ...
.. ..#


You could see a minotaur.

Vanquished Creatures
  3 two-headed ogres
  An unseen horror (D:10)
  4 komodo dragons
  A rime drake (Lair:1)
  2 hippogriffs
  12 yaks
  A wyvern (D:8)
  A basilisk (Lair:1)
  A hungry ghost (D:9)
  Grum (Lair:1)
  A steam dragon (D:10)
  A water moccasin (D:7)
  2 orc warriors
  4 ice beasts
  2 sky beasts
  2 black bears
  4 ogres
  4 centaurs
  3 wolves (Lair:1)
  5 bullfrogs
  6 scorpions
  7 killer bees
  2 water moccasin skeletons
  5 howler monkeys
  3 wights (D:9)
  7 crimson imps
  7 hounds
  A jelly (D:7)
  2 orc priests
  A bullfrog skeleton (D:6)
  15 orc wizards
  3 iguanas
  Natasha (thrice) (D:2)
  5 worker ants
  A hound zombie (D:5)
  2 hound skeletons (D:6)
  A howler monkey zombie (D:6)
  2 worker ant zombies
  7 gnolls
  9 adders
  3 shadow imps (D:8)
  2 adder skeletons
  2 dart slugs
  2 leopard geckos
  26 orcs
  12 bats
  13 giant cockroaches
  7 goblins
  6 hobgoblins
  8 jackals
  12 kobolds
  7 quokkas
  3 ball pythons
  5 frilled lizards
  7 rats
259 creatures vanquished.

Vanquished Creatures (collateral kills)
  A water moccasin (Lair:1)
  A wolf (Lair:1)
2 creatures vanquished.

Vanquished Creatures (others)
  An ogre (D:7)
  A bullfrog (D:7)
  A worker ant (D:7)
3 creatures vanquished.

Grand Total: 264 creatures vanquished

Notes
Turn   | Place    | Note
-------+----------+-------------------------------------------
     0 | D:1      | Wendigo the Draconian Ice Elementalist began the quest for the Orb.
     0 | D:1      | Reached XP level 1. HP: 14/14 MP: 3/3
   204 | D:1      | Reached XP level 2. HP: 17/20 MP: 0/5
  1053 | D:2      | Reached XP level 3. HP: 26/26 MP: 1/6
  1238 | D:2      | Noticed Natasha
  1258 | D:2      | Killed Natasha
  1438 | D:2      | Noticed Natasha
  1452 | D:2      | Killed Natasha
  1452 | D:2      | Reached XP level 4. HP: 33/33 MP: 3/8
  1673 | D:2      | Found an opulent altar of Gozag.
  1675 | D:2      | Found a hide-covered altar of Uskayaw.
  1778 | D:2      | Learned a level 3 spell: Ozocubu's Armour
  1880 | D:2      | Noticed Natasha
  1892 | D:2      | Killed Natasha
  2273 | D:3      | Reached skill level 5 in Ice Magic
  2300 | D:3      | Reached XP level 5. HP: 28/38 MP: 7/9
  2800 | D:4      | Found a glowing silver altar of Zin.
  2800 | D:4      | Noticed an angel
  2891 | D:4      | Reached XP level 6. HP: 41/45 MP: 5/11
  4164 | D:5      | Entered Level 5 of the Dungeon
  4290 | D:5      | Your scales start taking on a dull iron-grey colour.
  4290 | D:5      | Reached XP level 7. HP: 50/50 MP: 3/13
  4290 | D:5      | Gained mutation: You can survive without breathing. [Grey Draconian growth]
  4933 | D:5      | Found Ycajur's Weapon Boutique.
  5089 | D:5      | Found Imakicux's General Store.
  5094 | D:5      | Bought a scroll of identify for 24 gold pieces
  5123 | D:5      | Found a staircase to the Ecumenical Temple.
  5129 | Temple   | Entered the Ecumenical Temple
  5366 | Temple   | Learned a level 4 spell: Summon Ice Beast
  5768 | D:5      | Reached skill level 1 in Maces & Flails
  5820 | D:6      | Reached skill level 2 in Maces & Flails
  5913 | D:6      | Reached skill level 3 in Maces & Flails
  5913 | D:6      | Reached XP level 8. HP: 31/57 MP: 12/15
  5925 | D:6      | Reached skill level 4 in Maces & Flails
  6124 | D:6      | Got an encrusted spear
  6130 | D:6      | Identified the +0 spear "Yfritount" {antimagic, rPois Str+4 Int+4 Stlth+} (You found it on level 6 of the Dungeon)
  6212 | D:6      | Reached skill level 5 in Maces & Flails
  6276 | D:6      | Found an iron altar of Okawaru.
  6629 | D:6      | Reached skill level 6 in Maces & Flails
  6725 | D:6      | Reached skill level 1 in Fighting
  7138 | D:7      | Reached skill level 7 in Maces & Flails
  7401 | D:7      | Found a basalt altar of Yredelemnul.
  7401 | D:7      | Found a burning altar of Makhleb.
  7420 | D:7      | Reached XP level 9. HP: 55/69 MP: 6/16
  7565 | D:7      | Found a shimmering altar of Xom.
  7735 | D:7      | Reached skill level 8 in Maces & Flails
  8655 | D:7      | Found an ancient bone altar of Kikubaaqudgha.
  8930 | D:8      | Reached skill level 9 in Maces & Flails
  9232 | D:8      | Noticed a two-headed ogre
  9263 | D:8      | Killed a two-headed ogre
  9263 | D:8      | Reached skill level 5 in Fighting
  9263 | D:8      | Reached skill level 10 in Maces & Flails
  9678 | D:8      | Reached XP level 10. HP: 83/83 MP: 13/17
 10331 | D:9      | Found a staircase to the Lair.
 10586 | D:9      | Found a deep blue altar of Sif Muna.
 10590 | D:9      | Became a worshipper of Sif Muna the Loreminder
 10605 | D:9      | Identified Sif Muna's Catalogue of Conjuration
 11350 | D:10     | Entered Level 10 of the Dungeon
 11359 | D:10     | Reached skill level 11 in Maces & Flails
 11436 | D:10     | Noticed a two-headed ogre
 11450 | D:10     | Killed a two-headed ogre
 11956 | D:10     | Noticed a two-headed ogre
 11968 | D:10     | Killed a two-headed ogre
 11968 | D:10     | Reached skill level 12 in Maces & Flails
 12386 | D:10     | Reached skill level 1 in Summonings
 12491 | D:10     | Killed an unseen horror
 12491 | D:10     | Reached XP level 11. HP: 29/94 MP: 8/18
 12887 | D:10     | Reached skill level 5 in Spellcasting
 13225 | Lair:1   | Entered Level 1 of the Lair of Beasts
 13237 | D:9      | Reached * piety under Sif Muna
 13905 | Lair:1   | Noticed Grum
 13921 | Lair:1   | Killed Grum
 14571 | Lair:1   | Reached skill level 1 in Shields
 14882 | Lair:2   | Found a labyrinth entrance.
 14911 | Lab      | Entered a labyrinth
 15221 | Lab      | Noticed a minotaur
 15233 | Lab      | Shot with a stone by a minotaur

Vault maps used:
D:1:      lightli_arrival_windingriver, st_stairs_1
D:2:      chequers_temple_overflow_statue_of_worship, first_bread,
          minmay_pentomino_x4, uniq_natasha
D:4:      zin_angel, minmay_liquid_box
D:5:      minmay_temple_entry_enclosed_plants, serial_shops, shop, shop
D:6:      kennysheep_okawaru_gauntlet
D:7:      gammafunk_temple_overflow_pools, xom_confusion_cloud, basic_altar
D:9:      led_sif_book, lair_entry_dummy
D:11:     orc_0_dummy, basic_altar, david_nohive_1, uniq_maurice, uniq_erolcha
Temple:   regret_index_temple_generic_petals
Lair:1:   uniq_grum
Lair:2:   minmay_shoals_entry_lonely_mermaid, nicolae_spider_entry_tight_spaces,
          lab_entry_generic, infiniplex_staircase_pool_2
Lab:      labyrinth_watery

Skill      XL: |  1  2  3  4  5  6  7  8  9 10 11 |
---------------+----------------------------------+-----
Ice Magic      | 4 5 6 7 9 |  9.0
Spellcasting   | 3 4 5 |  5.6
Maces & Flails | 3 7 10 12 | 12.1
Fighting       | 3 5 8 |  8.0
Summonings     | 2 4 |  4.6
Shields        | 1 |  1.2
Dodging        | |  1.7
Stealth        | |  1.7
Conjurations   | |  1.0

Action                   |  1- 3 |  4- 6 |  7- 9 | 10-12 || total
-------------------------+-------+-------+-------+-------++-------
Melee: Unarmed           |    31 |       |       |       ||    31
       Tailslap          |     4 |     6 |    17 |    53 ||    80
       Dagger            |     4 |       |       |       ||     4
       Trident           |       |   104 |     1 |       ||   105
       Flail             |       |       |   169 |    40 ||   209
       Bardiche          |       |       |    17 |       ||    17
       Spear             |       |       |     4 |       ||     4
       Demon whip        |       |       |       |   345 ||   345
Throw: Tomahawk          |     2 |     6 |    10 |    21 ||    39
 Cast: Freeze            |    44 |    76 |   175 |    25 ||   320
       Ozocubu's Armour  |       |     4 |    18 |    24 ||    46
       Summon Ice Beast  |       |       |       |     5 ||     5
  Use: Scroll            |       |     9 |    10 |     9 ||    28
       Potion            |       |       |     3 |     1 ||     4
 Stab: Sleeping          |       |     5 |     1 |     2 ||     8
       Distracted        |       |       |       |     1 ||     1
  Eat: Chunk             |     2 |     9 |    18 |    20 ||    49
       Royal jelly       |       |       |       |     1 ||     1
Armor: Skin              |    27 |    47 |   260 |   136 ||   470
Dodge: Dodged            |    41 |   102 |   310 |   135 ||   588
Block: Buckler           |       |       |       |     5 ||     5
       Reflection        |       |       |       |     1 ||     1
